Match 46225663
Unlisted

Match 46225663
End
Pioneer Squad
Construct Infanterie Kompanie
Grenadier Squad
MG 42 Machine Gun Team
Grenadier Squad
Grenadier Squad
Construct Panzergrenadier Kompanie
Pak 40 Anti-tank Gun Team
Support Elements
MG 42 Machine Gun Team
StuG III G Assault Gun
Grenadier Squad
Medical Bunker
Grenadier Squad
StuG III G Assault Gun
Repair Bunker
Grenadier Squad
Panzergrenadier Officer Quarters
Selects Terror Battlegroup
Selects Heavy Gunnery
Selects No Quarter
Selects Contempt for the Weak
Nebelwerfer 42 Rocket Launcher Team
Nebelwerfer 42 Rocket Launcher Team
Guessmaname
ROFLMAO
0
0

Comments sign in to comment!

No comments posted yet!